 Dungeon Sprint DCSS version 0.31-a0-152-g6aa68a64a1 (webtiles) character file.

Game seed: 13283671928430320570

287 zazu2006 the Sneak (level 6, -12/51 HPs)
             Began as a Gnoll Wanderer on June 10, 2023.
             Was an Initiate of Vehumet.
             Mangled by a slime creature (17 damage)
             ... in the Dungeon (Sprint I: "Red Sonja").
             The game lasted 00:03:28 (400 turns).

zazu2006 the Sneak (Gnoll Wanderer)                  Turns: 400, Time: 00:03:29

Health: -12/51     AC:  4    Str: 11    XL:     6   Next: 30%
Magic:  15/15      EV: 13    Int: 10    God:    Vehumet [......]
Gold:   323        SH:  0    Dex: 15    Spells: 17/18 levels left

rFire   . . .        a - +0 dagger
rCold   + . .        (no shield)
rNeg    . . .        m - +0 leather armour {rC+}
rPois   .            b - +0 helmet
rElec   .            (no cloak)
rCorr   .            (no gloves)
SInv    .            (no boots)
Will    .....        (no amulet)
Stlth   +++          (no ring)
HPRegen 0.28/turn    (no ring)
MPRegen 0.14/turn

%: no teleportation
@: hasted, very quick
A: fangs 1, strong nose, distributed training
a: Renounce Religion


You were in the Dungeon.
You worshipped Vehumet.
Vehumet was noncommittal.
You visited 1 branch You collected 323 gold pieces.

Inventory:

Hand Weapons
 a - a +0 dagger (weapon)
Missiles
 f - 6 poisoned darts
Armour
 b - a +0 helmet (worn)
 d - a +2 robe of fire resistance
 m - a +0 leather armour of cold resistance (worn)
Wands
 l - a wand of polymorph (2)
Scrolls
 c - a scroll of fear
 k - a scroll of blinking
Potions
 g - a potion of heal wounds
 i - 3 potions of magic
 j - a potion of berserk rage


   Skills:
 + Level 5.3 Fighting
 + Level 4.5 Short Blades
 + Level 4.5 Long Blades
 + Level 4.5 Axes
 + Level 4.5 Maces & Flails
 + Level 4.5 Polearms
 + Level 4.5 Staves
 + Level 4.5 Ranged Weapons
 + Level 4.5 Throwing
 + Level 4.5 Armour
 + Level 4.5 Dodging
 + Level 7.6 Stealth
 + Level 4.5 Shields
 + Level 4.5 Unarmed Combat
 + Level 6.8 Spellcasting
 + Level 3.7 Conjurations
 + Level 3.7 Hexes
 + Level 3.7 Summonings
 + Level 3.7 Necromancy
 + Level 3.7 Translocations
 + Level 3.7 Transmutations
 + Level 3.7 Fire Magic
 + Level 3.7 Ice Magic
 + Level 3.7 Air Magic
 + Level 3.7 Earth Magic
 + Level 5.4 Poison Magic
 + Level 5.0 Invocations
 + Level 6.5 Evocations


You had 17 spell levels left.
You knew the following spells:

 Your Spells              Type           Power      Damage    Failure   Level
a - Sting                 Tmut/Pois      48%        1d5       3%          1

Your spell library contained the following spells:

 Spells                   Type           Power      Damage    Failure   Level
 Spider Form              Tmut/Pois      12%        N/A       11%         3


Dungeon Overview and Level Annotations

Branches:
Dungeon (1/1)

Altars:
Makhleb
Sif Muna
Vehumet
Wu Jian
Xom
Jiyva
Lugonu


Innate Abilities, Weirdness & Mutations

You have very sharp teeth.
Your uncanny sense of smell can sniff out nearby items.
Your experience applies equally to all skills.


Message History

The roots erupt in riotous growth!
Things that are here:
a +0 scythe; the human skeleton of Sigmund
There is an open door here.
Aiming: Fastroot
Press: ? - help, Shift-Dir - straight line, f - slime creature
Aim: a slime creature The roots erupt in riotous growth!
The slime creature is unaffected.
The now-empty wand crumbles to dust.
Unknown command.
You barely miss the slime creature. You barely miss the slime creature.
You punch the slime creature. You bite the slime creature.
The slime creature is lightly wounded.
The slime creature jiggles.
The slime creature hits you but does no damage.
You hit the slime creature.
The slime creature is lightly wounded.
You hit the slime creature but do no damage.
The slime creature is lightly wounded.
The slime creature hits you!
You hit the slime creature.
The slime creature is lightly wounded.
You hit the slime creature.
You bite the slime creature, but do no damage.
The slime creature is moderately wounded.
The slime creature hits you.
You hit the slime creature but do no damage.
The slime creature is moderately wounded.
You hit the slime creature but do no damage.
The slime creature is moderately wounded.
The slime creature hits you!
* * * LOW HITPOINT WARNING * * *
You hit the slime creature.
You bite the slime creature, but do no damage.
The slime creature is moderately wounded.
You hit the slime creature.
The slime creature is moderately wounded.
The slime creature hits you!
You die...

###################
#<.#.[@J)#..'..#__#∆∆
#..'..#.)'..#..'..+∆∆
#..#####'#####'#__#
#..# #..#...#.####∆∆
#..# ####..##.# ∆
#..# ##'#_.+ #⌠⌠#
+..._# ∆ #### #_.#'#
∆∆ ##+#.#∆∆∆∆


You could see a slime creature.

Vanquished Creatures
  Sigmund (D)
  An ogre (D)
  A jelly (D)
  Ijyb (D)
4 creatures vanquished.

Notes
Turn   | Place    | Note
-------+----------+-------------------------------------------
     0 | D        | zazu2006 the Gnoll Wanderer began the quest for the Orb.
     0 | D        | zazu2006 set off with the following items: a +0 dagger, a
                  | +0 helmet, a scroll of fear, a +0 leather armour, a wand of
                  | roots (3), a potion of curing, a potion of heal wounds, a
                  | potion of haste, 2 potions of magic, a potion of berserk
                  | rage, a scroll of blinking; and the following spell
                  | memorised: Sting; and the following spells available to
                  | memorise: Spider Form.
     0 | D        | Reached XP level 1. HP: 17/17 MP: 6/6
     2 | D        | Noticed Ijyb
    18 | D        | Killed Ijyb
    19 | D        | Reached skill level 1 in Short Blades
    19 | D        | Reached skill level 1 in Long Blades
    19 | D        | Reached skill level 1 in Axes
    19 | D        | Reached skill level 1 in Maces & Flails
    19 | D        | Reached skill level 1 in Polearms
    19 | D        | Reached skill level 1 in Staves
    19 | D        | Reached skill level 1 in Ranged Weapons
    19 | D        | Reached skill level 1 in Throwing
    19 | D        | Reached skill level 1 in Armour
    19 | D        | Reached skill level 1 in Dodging
    19 | D        | Reached skill level 6 in Stealth
    19 | D        | Reached skill level 1 in Shields
    19 | D        | Reached skill level 1 in Unarmed Combat
    19 | D        | Reached skill level 5 in Spellcasting
    19 | D        | Reached skill level 1 in Conjurations
    19 | D        | Reached skill level 1 in Hexes
    19 | D        | Reached skill level 1 in Summonings
    19 | D        | Reached skill level 1 in Necromancy
    19 | D        | Reached skill level 1 in Translocations
    19 | D        | Reached skill level 1 in Transmutations
    19 | D        | Reached skill level 1 in Fire Magic
    19 | D        | Reached skill level 1 in Ice Magic
    19 | D        | Reached skill level 1 in Air Magic
    19 | D        | Reached skill level 1 in Earth Magic
    19 | D        | Reached XP level 2. HP: 15/24 MP: 0/8
    19 | D        | Reached XP level 3. HP: 18/29 MP: 0/9
    92 | D        | Noticed an ogre
    99 | D        | Killed an ogre
   100 | D        | Reached skill level 5 in Evocations
   100 | D        | Reached XP level 4. HP: 37/37 MP: 8/12
   137 | D        | Noticed Sigmund
   162 | D        | Killed Sigmund
   163 | D        | Reached skill level 5 in Fighting
   163 | D        | Reached skill level 7 in Stealth
   163 | D        | Reached skill level 5 in Poison Magic
   163 | D        | Reached XP level 5. HP: 7/44 MP: 10/14
   163 | D        | Reached XP level 6. HP: 8/51 MP: 10/15
   325 | D        | Found a shimmering blue altar of Sif Muna.
   326 | D        | Found an ornate altar of the Wu Jian Council.
   327 | D        | Found a radiant altar of Vehumet.
   338 | D        | Reached skill level 5 in Invocations
   342 | D        | Became a worshipper of Vehumet
   377 | D        | Found a viscous altar of Jiyva.
   377 | D        | Found a corrupted altar of Lugonu.
   377 | D        | Noticed a slime creature
   378 | D        | Found a burning altar of Makhleb.
   378 | D        | Found a shimmering altar of Xom.
   400 | D        | Mangled by a slime creature

Illustrated notes

Levels and vault maps discovered:
D:        dungeon_sprint_1 [red_sonja_temple_1, red_sonja_temple_small_1]

Skill      XL: |  1  2  3  4  5  6 |
---------------+-------------------+-----
Fighting       | 3 4 5 |  5.3
Short Blades   | 1 3 4 |  4.5
Long Blades    | 1 3 4 |  4.5
Axes           | 1 3 4 |  4.5
Maces & Flails | 1 3 4 |  4.5
Polearms       | 1 3 4 |  4.5
Staves         | 1 3 4 |  4.5
Ranged Weapons | 1 3 4 |  4.5
Throwing       | 1 3 4 |  4.5
Armour         | 1 3 4 |  4.5
Dodging        | 1 3 4 |  4.5
Stealth        | 6 7 |  7.6
Shields        | 1 3 4 |  4.5
Unarmed Combat | 1 3 4 |  4.5
Spellcasting   | 5 6 |  6.8
Conjurations   | 1 2 3 |  3.7
Hexes          | 1 2 3 |  3.7
Summonings     | 1 2 3 |  3.7
Necromancy     | 1 2 3 |  3.7
Translocations | 1 2 3 |  3.7
Transmutations | 1 2 3 |  3.7
Fire Magic     | 1 2 3 |  3.7
Ice Magic      | 1 2 3 |  3.7
Air Magic      | 1 2 3 |  3.7
Earth Magic    | 1 2 3 |  3.7
Poison Magic   | 4 5 |  5.4
Invocations    | 2 3 4 5 |  5.0
Evocations     | 5 6 |  6.5

Action                     |  1- 3 |  4- 6 || total
---------------------------+-------+-------++-------
  Melee: Dagger            |    12 |    21 ||    33
         Bite              |       |     5 ||     5
         Punch             |       |     2 ||     2
   Cast: Sting             |     7 |    10 ||    17
  Evoke: Wand              |       |     3 ||     3
    Use: Potion            |       |     2 ||     2
   Stab: Sleeping          |     1 |       ||     1
 Armour: Skin              |     7 |       ||     7
         Leather armour    |       |     5 ||     5
  Dodge: Dodged            |     5 |     7 ||    12

Table legend: (Time is in decaauts)
 A = Elapsed time spent in this place.
 B = Non-inter-level travel time spent in this place.
 C = Inter-level travel time spent in this place.
 D = Time resting spent in this place.
 E = Time spent auto-exploring this place.
 F = Levels seen in this place.
 G = Mean time per level.
                   A        B        C        D        E       F      G
               +--------+--------+--------+--------+--------+-----+--------+
         Total |    390 |    390 |      0 |    225 |      0 |   1 |  390.0 |
       Dungeon |    390 |    390 |      0 |    225 |      0 |   1 |  390.0 |
               +--------+--------+--------+--------+--------+-----+--------+

Top non-repeatable levels by time:
       D: 390 daAuts
